 Dungeon Crawl Stone Soup version 0.17-a0-1572-g7a1422d (webtiles) character file.

15022 urechis the Grappler (level 11, -13/113 HPs)
             Began as a Troll Monk on July 25, 2015.
             Mangled by a spiny frog (25 damage)
             ... on level 5 of the Lair of Beasts.
             The game lasted 00:36:32 (9605 turns).

urechis the Grappler (Troll Monk)                   Turns: 9605, Time: 00:36:32

Health: -13/113    AC:  6    Str: 24    XL:     11   Next: 96%
Magic:  10/10      EV: 10    Int:  6    God:
Gold:   630        SH: 13    Dex: 12    Spells: 0 memorised, 10 levels left

rFire  . . .     SeeInvis .       - Unarmed
rCold  . . .     Clarity  .     O - +0 robe {MR+}
rNeg   . . .     SustAt   .     d - +2 shield
rPois  .         Gourm    +     (helmet restricted)
rElec  .         Spirit   .     I - +0 cloak
rCorr  .         Warding  .     (gloves unavailable)
rMut   .         Stasis   .     (boots unavailable)
MR     +....                    (no amulet)
Stlth  ++........               (no ring)
                                (no ring)

@: somewhat resistant to hostile enchantments, unstealthy
A: unfitting armour, claws 3, fast metabolism 3, gourmand, regeneration 2,
shaggy fur 1, tough skin 2
a: no special abilities


You were on level 5 of the Lair of Beasts.
You were very full.

You visited 3 branches of the dungeon, and saw 19 of its levels.

You collected 630 gold pieces.

Inventory:

Armour
 d - a +2 shield (worn)
 I - a +0 cloak (worn)
 O - a +0 robe of magic resistance (worn)
Magical devices
 f - a wand of fireball (2)
 u - a wand of teleportation (3)
 x - a wand of heal wounds (4)
 z - a wand of digging (15)
Scrolls
 e - 2 scrolls of immolation {unknown}
 g - 3 scrolls of remove curse
 h - 5 scrolls of teleportation
 l - a scroll of fog {unknown}
 m - a scroll of torment {unknown}
 o - 2 scrolls of fear {unknown}
 s - a scroll of blinking {unknown}
 t - 4 scrolls of random uselessness {unknown}
 w - 7 scrolls of recharging
 y - a scroll of noise {unknown}
 B - a scroll of acquirement {unknown}
 E - 4 scrolls of enchant armour
 F - 2 scrolls of identify
Potions
 c - a potion of agility
 i - 2 potions of flight {unknown}
 j - 2 potions of curing
 k - a potion of lignification {unknown}
 p - 2 potions of berserk rage {unknown}
 q - 2 potions of haste {unknown}
 v - a potion of degeneration {unknown}
 J - 2 potions of poison {unknown}
 K - a potion of invisibility {unknown}
 M - a potion of ambrosia {unknown}
 N - a potion of heal wounds
Books
 A - an Akashic Record

   Spells                             Type                      Level
   a - Dispersal                      Translocation                6
   b - Controlled Blink               Translocation                7
   c - Malign Gateway                 Summoning/Translocation      7
   d - Disjunction                    Translocation                8
 D - a book of Conjurations

   Spells                             Type                      Level
   a - Magic Dart                     Conjuration                  1
   b - Searing Ray                    Conjuration                  2
   c - Dazzling Spray                 Conjuration/Hexes            3
   d - Fulminant Prism                Conjuration/Hexes            4
   e - Iskenderun's Mystic Blast      Conjuration                  4
   f - Iskenderun's Battlesphere      Conjuration/Charms           5
 G - a book of the Tempests

   Spells                             Type                      Level
   a - Static Discharge               Conjuration/Air              3
   b - Lightning Bolt                 Conjuration/Air              5
   c - Fireball                       Conjuration/Fire             5
   d - Tornado                        Air                          9
   e - Shatter                        Earth                        9
 L - a book of Debilitation

   Spells                             Type                      Level
   a - Corona                         Hexes                        1
   b - Slow                           Hexes                        2
   c - Gell's Gravitas                Hexes/Translocation          3
   d - Inner Flame                    Hexes/Fire                   3
   e - Cause Fear                     Hexes                        4
   f - Leda's Liquefaction            Hexes/Earth                  4
Comestibles
 a - 4 slices of pizza
 b - 6 bread rations
 n - 4 meat rations
 r - 2 beef jerkies
 C - 2 royal jellies
 H - 4 chunks of flesh
 P - a fruit


   Skills:
 + Level 8.4 Fighting
 - Level 2.4 Dodging
 - Level 1.1 Stealth
 - Level 9.0 Shields
 * Level 13.6 Unarmed Combat


You had 10 spell levels left.
You didn't know any spells.

Dungeon Overview and Level Annotations

Branches:
Dungeon (10/15)            Temple (1/1) D:5            Lair (8/8) D:10
    Orc (0/4) D:9
  Swamp: Lair:3-6    Shoals: Lair:3-6     Snake: Lair:3-6    Spider: Lair:3-6
  Slime: Lair:6-8

Altars:
Ashenzari
Cheibriados
Dithmenos
Elyvilon
Fedhas
Gozag
Kikubaaqudgha
Makhleb
Nemelex Xobeh
Okawaru
Qazlal
Ru
Sif Muna
Trog
Vehumet
Xom
Yredelemnul
Zin
The Shining One
Lugonu


Innate Abilities, Weirdness & Mutations

You are too large for most types of armour.
You have claws for hands.
Your metabolism is lightning-fast.
You like to eat raw meat.
You heal very quickly.
You are covered in fur (AC +1).
You have very tough skin (AC +2).


Message History

* * * LOW HITPOINT WARNING * * *
You mangle the fire drake!!
You kill the fire drake!
You hear the frantic ticking of a distant clock.
The bush is engulfed in roaring flames.
The wolf bites you.
* * * LOW HITPOINT WARNING * * *
You claw the wolf!
The wolf begins to bleed from its wounds!
The wolf is heavily wounded.
The bush is engulfed in roaring flames.
The wolf bites you!
* * * LOW HITPOINT WARNING * * *
You mangle the wolf!!
You kill the wolf!
The bush is engulfed in roaring flames.
The spiny frog stings you but does no damage.
You mangle the spiny frog!!
The spiny frog begins to bleed from its wounds!
The spiny frog is almost dead.
The bush is engulfed in roaring flames.
The spiny frog stings you!!
You die...

♣...... ..P..#
♣..P...♣.....#.
........%.....#
...%...P..%....#..
.%..%.%...♣.♣.......
.P..........♣.......
..P%h.†F...♣♣.....##
......†@...P...P..P###
......PP.............#
...8................#
........P.†.........#
............†.>...P#
..................##
.........P.†.....P#
.%%........♣......#
........P.......##


You could see a polar bear and a spiny frog (bleeding).

Vanquished Creatures
  Erolcha (D:9)
  A lindwurm (Lair:6)
  5 spiny frogs (Lair:4)
  Psyche (D:10)
  2 black mambas
  A komodo dragon (Lair:5)
  A fire drake (Lair:5)
  A two-headed ogre (D:10)
  8 blink frogs
  A troll (D:9)
  Sigmund (D:2)
  A basilisk (Lair:5)
  A human (D:4)
  3 hungry ghosts
  13 yaks
  A deep elf mage (D:10)
  4 hippogriffs
  A deep elf fighter (D:10)
  4 wolves (Lair:5)
  2 water moccasins
  2 nagas (Lair:4)
  7 porcupines
  3 phantoms
  An orc warrior (D:7)
  3 ogres
  3 crocodiles
  6 centaurs
  6 giant frogs
  4 killer bees
  4 scorpions
  2 electric eels (Lair:4)
  3 wights (D:9)
  7 crimson imps
  A giant frog zombie (D:5)
  4 orc priests
  A jelly (D:5)
  A centaur zombie (D:8)
  11 orc wizards
  A giant frog skeleton (D:7)
  An iguana (Lair:5)
  A hell rat (Lair:5)
  4 hounds
  8 worker ants
  4 sheep (Lair:4)
  A hound zombie (D:6)
  7 gnolls
  20 river rats
  2 worker ant zombies
  10 adders
  3 shadow imps
  2 adder zombies
  An adder skeleton (D:7)
  5 worms
  3 giant geckos
  44 orcs
  2 bat skeletons
  A bat zombie (D:5)
  A giant cockroach (D:1)
  16 hobgoblins
  9 jackals
  5 quokkas
  18 bats
  4 giant newts
  14 goblins
  13 kobolds
  A quokka skeleton (D:5)
  A quokka zombie (D:9)
  28 rats
352 creatures vanquished.

Vanquished Creatures (others)
  8 fungi
  A plant (Lair:5)
9 creatures vanquished.

Grand Total: 361 creatures vanquished

Notes
Turn   | Place    | Note
--------------------------------------------------------------
     0 | D:1      | urechis the Troll Monk began the quest for the Orb.
     0 | D:1      | Reached XP level 1. HP: 22/22 MP: 0/0
   172 | D:1      | Reached XP level 2. HP: 26/29 MP: 1/1
   858 | D:2      | Reached XP level 3. HP: 32/36 MP: 2/2
  1112 | D:2      | Noticed Sigmund
  1246 | D:2      | Reached skill level 5 in Unarmed Combat
  1309 | D:2      | Found a sacrificial altar of Ru.
  1609 | D:3      | Found a white marble altar of Elyvilon.
  1628 | D:3      | Reached XP level 4. HP: 45/45 MP: 3/3
  1659 | D:3      | Found a shattered altar of Ashenzari.
  1675 | D:3      | Reached XP level 5. HP: 44/53 MP: 4/4
  2052 | D:3      | Reached skill level 6 in Unarmed Combat
  2274 | D:2      | Found an opulent altar of Gozag.
  2278 | D:2      | Killed Sigmund
  2278 | D:2      | Reached XP level 6. HP: 60/62 MP: 5/5
  2393 | D:4      | Found a sparkling altar of Nemelex Xobeh.
  2453 | D:4      | Found a runed door.
  2453 | D:4      | Noticed a human
  2456 | D:4      | Found a basalt altar of Yredelemnul.
  2471 | D:4      | Killed a human
  2471 | D:4      | Reached skill level 7 in Unarmed Combat
  2471 | D:4      | Reached XP level 7. HP: 63/71 MP: 6/6
  2588 | D:4      | Found a shimmering altar of Xom.
  2854 | D:5      | Entered Level 5 of the Dungeon
  2915 | D:5      | Reached skill level 8 in Unarmed Combat
  3038 | D:5      | Reached skill level 5 in Fighting
  3141 | D:5      | Found a basalt altar of Yredelemnul.
  3141 | D:5      | Found a blossoming altar of Fedhas.
  3142 | D:5      | Found a snail-covered altar of Cheibriados.
  3236 | D:5      | Found a deep blue altar of Sif Muna.
  3242 | D:5      | Reached XP level 8. HP: 80/80 MP: 7/7
  3682 | D:5      | Reached skill level 9 in Unarmed Combat
  3751 | D:5      | Found a staircase to the Ecumenical Temple.
  3818 | Temple   | Entered the Ecumenical Temple
  4104 | D:6      | Found a burning altar of Makhleb.
  4464 | D:6      | Found a glowing golden altar of the Shining One.
  4644 | D:7      | Reached skill level 10 in Unarmed Combat
  4715 | D:7      | Reached skill level 1 in Shields
  4886 | D:7      | Reached XP level 9. HP: 52/89 MP: 8/8
  5096 | D:7      | Noticed a moth of wrath
  5099 | D:7      | Found a bloodstained altar of Trog.
  5753 | D:8      | Reached skill level 5 in Shields
  6031 | D:9      | Found a staircase to the Orcish Mines.
  6292 | D:8      | HP: 2/89 [killer bee (8)]
  6653 | D:9      | Noticed Erolcha
  6678 | D:9      | Killed Erolcha
  6678 | D:9      | Reached XP level 10. HP: 81/98 MP: 9/9
  6802 | D:10     | Entered Level 10 of the Dungeon
  6917 | D:10     | Noticed Psyche
  6947 | D:10     | Killed Psyche
  7302 | D:10     | Found a staircase to the Lair.
  7416 | D:10     | Reached skill level 11 in Unarmed Combat
  7797 | Lair:1   | Entered Level 1 of the Lair of Beasts
  7797 | Lair:1   | Noticed a seven-headed hydra
  7988 | Lair:2   | Noticed a black mamba
  7993 | Lair:2   | Killed a black mamba
  8074 | Lair:3   | Reached XP level 11. HP: 102/107 MP: 10/10
  8406 | Lair:4   | Reached skill level 12 in Unarmed Combat
  9200 | Lair:5   | Reached skill level 13 in Unarmed Combat
  9390 | Lair:6   | Noticed a lindwurm
  9397 | Lair:6   | Killed a lindwurm
  9433 | Lair:8   | Entered Level 8 of the Lair of Beasts
  9605 | Lair:5   | Mangled by a spiny frog

Vault maps used:
D:1:      moated_graveyard_arrival, solitary_fountain, minmay_crystal_water
D:2:      nicolae_overflow_hidden_temple, nrook_uturn, uniq_sigmund
D:3:      elyvilon_altar_3, cheibrodos_ashenzari_chains, first_bread
D:4:      lemuel_crystal_altar, nemelex_altar_shiori, dk_yredelemnul_ordeal
D:5:      gammafunk_temple_overflow_claw, kennysheep_mini, temple_hall,
          dk_noncrumbling_3
D:6:      tso_altar, old_standard_altar
D:7:      tgw_trog, nrook_mini_backslash
D:9:      orc_0_dummy, uniq_erolcha
D:10:     grunt_lair_entry_elf_guard_hut, uniq_psyche
Temple:   corrupted_temple
Lair:2:   bh_autumn_forest_stairs, serial_bayou_shore_b
Lair:3:   forest_entry_grove
Lair:4:   minmay_snake_entry_guardpost_small, infiniplex_staircase_pool,
          lemuel_fruit_tree
Lair:5:   minmay_shoals_entry_lonely_mermaid, lab_entry_generic,
          grunt_forest_large_clearings, uniq_kirke
Lair:6:   minmay_lindwurm_lava, infiniplex_staircase_pool_2
Lair:7:   serial_bayou_shore_b
Lair:8:   minmay_lair_end_frog_pond, minmay_slime_entry_pillars,
          serial_bayou_pond_e, pond

Action                   |  1- 3 |  4- 6 |  7- 9 | 10-12 || total
-------------------------+-------+-------+-------+-------++-------
Melee: Unarmed           |   103 |    77 |   440 |   462 ||  1082
Evoke: Wand              |       |       |       |     3 ||     3
  Use: Scroll            |       |       |     8 |     7 ||    15
       Potion            |       |       |     4 |     2 ||     6
 Stab: Sleeping          |     1 |     2 |     4 |       ||     7
  Eat: Chunk             |    18 |     9 |    43 |    33 ||   103
